 Seeded DCSS version 0.31.0-11-ge490571c62 (webtiles) character file.

Game seed: 2 (custom seed)

18713 Kazon the Covert (level 12, 0/80 HPs)
             Began as an Octopode Shapeshifter on Jan 31, 2024.
             Was a High Priest of Okawaru.
             Killed from afar by a catoblepas (3 damage)
             ... with a blast of calcifying dust
             ... while petrified by a catoblepas
             ... on level 1 of the Lair of Beasts on Feb 6, 2024.
             The game lasted 00:53:05 (7789 turns).

Kazon the Covert (Octopode Shapeshifter)            Turns: 7789, Time: 00:53:06

Health: 0/80       AC:  5    Str: 15    XL:     12   Next: 61%
Magic:  17/17      EV:  2    Int: 18    God:    Okawaru [*****.]
Gold:   249        SH:  0    Dex: 19    Spells: 11/11 levels left

rFire   . . .        f - +0 dagger of Dust {freeze, rElec rF- Int+2 SInv}
rCold   + . .        c - +2 kite shield "Ashroimi" {Slay+3}
rNeg    + + +        (helmet currently unavailable)
rPois   ∞            U - amulet of reflection
rElec   +            l - +4 ring of slaying
rCorr   +            p - +4 ring of protection
SInv    +            D - ring of resist corrosion
Will    .....        E - +6 ring of dexterity
Stlth   +++++++      F - ring of poison resistance
HPRegen 0.33/turn    L - ring of protection from cold
MPRegen 0.15/turn    k - ring of protection from fire
                     (no ring)

%: reflection
@: beast-form, petrified, heroic
A: beast (slay +3), almost no armour, amphibious, 8 rings, camouflage 1,
gelatinous body 1, (nimble swimmer 1), tentacles, tentacle spike 1, clever 1
a: Begin Untransformation, Renounce Religion, Heroism, Finesse, Duel


You were on level 1 of the Lair of Beasts.
You worshipped Okawaru.
Okawaru was extremely pleased with you.
You were a hulking beast.
You visited 3 branches of the dungeon, and saw 13 of its levels.
You also visited: Ossuary and Bailey.

You collected 661 gold pieces.
You spent 412 gold pieces at shops.

Inventory:

Hand Weapons
 e - the +5 mace "Trog's Righteous Anger" {venom, ^Contam rC+ rCorr SInv}
   (You found it on level 11 of the Dungeon)

   rC+:       It protects you from cold.
   SInv:      It lets you see invisible.
   ^Contam:   It causes magical contamination when unequipped.
   rCorr:     It protects you from acid and corrosion.
 f - the +0 dagger of Dust (weapon) {freeze, rElec rF- Int+2 SInv}
   (Okawaru gifted it to you on level 11 of the Dungeon)

   Int+2:     It affects your intelligence (+2).
   rF-:       It makes you vulnerable to fire.
   rElec:     It insulates you from electricity.
   SInv:      It lets you see invisible.
 q - the +1 flail of Prescription {flame, rN+ Will+ Int+3}
   (You bought it in a shop on level 2 of the Dungeon)

   Int+3:     It affects your intelligence (+3).
   rN+:       It protects you from negative energy.
   Will+:     It increases your willpower.
Missiles
 d - 45 stones
 n - 2 javelins
 r - 9 poisoned darts
 W - 2 throwing nets
 Y - 8 silver javelins (quivered)
Armour
 c - the +2 kite shield "Ashroimi" (worn) {Slay+3}
   (Okawaru gifted it to you on level 11 of the Dungeon)

   Slay+3:    It affects your accuracy & damage with ranged weapons and melee
   (+3).
 w - an orb of mayhem
 K - a +0 hat
Jewellery
 k - a ring of protection from fire (on tentacle)
 l - a +4 ring of slaying (left tentacle)
 p - a +4 ring of protection (right tentacle)
 D - a ring of resist corrosion (on tentacle)
 E - a +6 ring of dexterity (on tentacle)
 F - a ring of poison resistance (on tentacle)
 L - a ring of protection from cold (on tentacle)
 U - an amulet of reflection (around mantle)
 Z - a ring of protection from cold
Talismans
 b - a beast talisman
 y - a flux talisman
 z - a serpent talisman
Wands
 M - a wand of light (18)
 S - a wand of mindburst (17)
 T - a wand of flame (13)
 X - a wand of iceblast (2)
Scrolls
 g - a scroll of poison {unknown}
 i - a scroll of identify
 m - 2 scrolls of enchant armour {unknown}
 s - a scroll of brand weapon {unknown}
 t - 6 scrolls of teleportation {unknown}
 u - 5 scrolls of vulnerability {unknown}
 x - 2 scrolls of noise {unknown}
 H - 3 scrolls of torment {unknown}
 N - a scroll of amnesia {unknown}
 O - 2 scrolls of fear {unknown}
 P - 2 scrolls of revelation {unknown}
 Q - 2 scrolls of immolation {unknown}
 V - 2 scrolls of enchant weapon {unknown}
Potions
 a - 6 potions of lignification
 h - 3 potions of enlightenment {unknown}
 j - 4 potions of mutation
 o - 3 potions of might
 v - 2 potions of cancellation
 A - 2 potions of heal wounds
 B - 4 potions of curing
 C - 2 potions of resistance
 G - 4 potions of ambrosia
 I - 2 potions of berserk rage {unknown}
 J - 3 potions of haste {unknown}
Miscellaneous
 R - a lightning rod (3/4)


   Skills:
 + Level 6.8(11.8) Fighting
 + Level 4.3(9.3) Short Blades
 + Level 6.2(11.2) Maces & Flails
 + Level 6.5(11.5) Throwing
 * Level 8.1(13.1) Dodging
 + Level 8.9(13.9) Stealth
 * Level 7.2(12.2) Shields
 - Level 3.0(8.0) Unarmed Combat
 * Level 7.7 Invocations
 * Level 5.8 Evocations
 + Level 6.5 Shapeshifting


You had 11 spell levels left.
You didn't know any spells.
Your spell library contained the following spells:

 Spells                   Type           Power      Damage    Failure   Level
 Apportation              Tloc           0%         N/A       41%         1
 Jinxbite                 Hex            0%         N/A       54%         2
 Sublimation of Blood     Necr           0%         N/A       54%         2
 Manifold Assault         Tloc           0%         N/A       99%         4
 Petrify                  Alch/Erth      0%         N/A       99%         4
 Alistair's Intoxication  Alch           0%         N/A       100%        5
 Irradiate                Conj/Alch      0%         3d11      100%        5
 Dispersal                Tloc           0%         N/A       100%        6
 Disjunction              Tloc           0%         N/A       100%        8
 Call Imp                 Summ           Unusable   N/A       N/A         2
 Summon Hydra             Summ           Unusable   N/A       N/A         7

Dungeon Overview and Level Annotations

Branches:
Dungeon (11/15)            Temple (1/1) D:5            Lair (1/5) D:9
    Orc (0/2) D:9         Ossuary (visited)          Bailey (visited)

Altars:
Ashenzari
Cheibriados
Dithmenos
Elyvilon
Fedhas
Gozag
Hepliaklqana
Kikubaaqudgha
Makhleb
Nemelex Xobeh
Okawaru
Qazlal
Ru
Sif Muna
Trog
Uskayaw
Vehumet
Wu Jian
Xom
Yredelemnul
Zin
The Shining One

Shops:
D:2 (   D:3 (   D:10 *

Annotations:
D:11 Maurice


Innate Abilities, Weirdness & Mutations

You are a hulking beast.
Your limbs bulge with bestial killing power. (Slay +3)
You are immune to poison.
You cannot wear most types of armour.
You are amphibious.
You can wear up to eight rings at the same time.
Your skin changes colour to match your surroundings (Stealth+).
Your rubbery body absorbs attacks. (AC +1, EV +1)
((You are camouflaged when in or above water. (Stealth+)))
You have tentacles for arms and can constrict up to eight enemies at once.
One of your tentacles bears a spike.
Your mind is acute. (Int +4, Str/Dex -1)


Message History

The catoblepas is moderately wounded.
The catoblepas breathes a plume of calcifying dust at you.
The blast of calcifying dust hits you.
You hit the catoblepas but do no damage.
You pierce the catoblepas.
You squeeze the catoblepas!
The catoblepas is heavily wounded.
You are engulfed in calcifying dust.
You are slowing down.
The catoblepas gores you!!
A komodo dragon comes into view.
The catoblepas breathes a plume of calcifying dust at you.
The blast of calcifying dust hits you.
Your limbs are stiffening.
You block the catoblepas's attack. x2; You have turned to stone.
The catoblepas breathes a plume of calcifying dust at you.
The blast of calcifying dust hits you.
You are engulfed in calcifying dust.
The catoblepas gores you!
You are engulfed in calcifying dust.
The komodo dragon is engulfed in calcifying dust.
The komodo dragon is moving more slowly.
The komodo dragon bites you. The catoblepas gores you.
You are engulfed in calcifying dust.
The komodo dragon is engulfed in calcifying dust.
The komodo dragon stops moving altogether!
The catoblepas gores you.
The komodo dragon is engulfed in calcifying dust.
You are engulfed in calcifying dust.
The komodo dragon is engulfed in calcifying dust.
The catoblepas gores you!!
The komodo dragon is engulfed in calcifying dust.
You are engulfed in calcifying dust.
The komodo dragon is engulfed in calcifying dust.
The catoblepas gores you!!
* * * LOW HITPOINT WARNING * * *
The komodo dragon is engulfed in calcifying dust.
The catoblepas gores you!!
* * * LOW HITPOINT WARNING * * *
The komodo dragon is engulfed in calcifying dust.
The catoblepas breathes a plume of calcifying dust at you.
The blast of calcifying dust hits you.
You die...

..............#
.........#....##
.........#....#
.........#....#
.........#....#
.........#....#
.........#....#
.........#....#
......lhY.....##
.................#
...............!.#
.P...............#
###....)#######..#
#....## #.# ###.#
## ##


You could see a catoblepas and a komodo dragon (petrified).

Vanquished Creatures
  Fannar (D:10)
  An ogre mage (D:9)
  Harold (D:11)
  A two-headed ogre (D:9)
  3 death yaks (D:9)
  Urug (D:10)
  A deep elf knight (D:9)
  5 skeletal warriors (D:11)
  2 deep elf pyromancers
  3 ugly things
  A cyclops (D:11)
  A black mamba (shapeshifter) (D:9)
  A gargoyle (D:11)
  2 komodo dragons
  Jeremiah (D:7)
  3 trolls
  A hornet (D:10)
  A water elemental (D:11)
  A basilisk (D:9)
  5 yaks
  Grum (D:10)
  A steam dragon (D:7)
  3 water moccasins (D:7)
  An ice beast (D:8)
  A sky beast (D:6)
  2 black bears
  2 wolves (D:10)
  7 orc warriors
  9 centaurs
  2 ogres
  A phantom (D:4)
  2 gnoll sergeants
  2 bullfrogs (D:9)
  2 scorpions
  6 water moccasin zombies (Ossuary)
  3 wights (D:8)
  A burial acolyte (Ossuary)
  5 killer bees (D:10)
  2 electric eels (D:11)
  A howler monkey (D:11)
  2 bombardier beetles
  A jelly (D:7)
  2 hounds
  2 iguanas
  9 orc wizards
  3 hell rats (D:9)
  2 crocodile zombies (Ossuary)
  A bullfrog simulacrum (Ossuary)
  2 mummies (Ossuary)
  5 gnolls (D:6)
  8 adders
  A shadow imp (D:8)
  2 white imps
  2 ufetubi (D:6)
  4 adder zombies (Ossuary)
  3 dart slugs
  A ribbon worm (D:2)
  26 orcs
  3 ball pythons
  5 bats
  11 endoplasms
  2 giant cockroaches (D:3)
  10 gnoll zombies (Ossuary)
  12 goblins
  2 hobgoblins
  2 jackals (D:3)
  9 quokkas
  2 frilled lizards
  2 jackal zombies (Ossuary)
  2 kobolds
  4 orc zombies (Ossuary)
  4 rats
236 creatures vanquished.

Vanquished Creatures (collateral kills)
  An orc knight (Bailey)
  An orc warrior (Bailey)
2 creatures vanquished.

Grand Total: 238 creatures vanquished

Notes
Turn   | Place    | Note
-------+----------+-------------------------------------------
     0 | D:1      | Kazon the Octopode Shapeshifter began the quest for the
                  | Orb.
     0 | D:1      | Reached XP level 1. HP: 13/13 MP: 1/1
    56 | D:1      | Reached XP level 2. HP: 15/18 MP: 2/2
   707 | D:2      | Found Weaqack's Weapon Shop.
   714 | D:2      | Reached XP level 3. HP: 17/23 MP: 1/3
   888 | D:2      | Reached XP level 4. HP: 24/28 MP: 4/4
  1241 | D:3      | Found Hivuethe's Antique Weapon Shoppe.
  1268 | D:3      | Noticed an ogre
  1287 | D:3      | Killed an ogre
  1288 | D:3      | Reached skill level 1 in Short Blades
  1288 | D:3      | Reached skill level 1 in Throwing
  1288 | D:3      | Reached skill level 1 in Stealth
  1288 | D:3      | Reached XP level 5. HP: 34/34 MP: 5/5
  1366 | D:3      | Found a shimmering altar of Xom.
  1367 | D:3      | Found a shimmering altar of Xom.
  1367 | D:3      | Found a shimmering altar of Xom.
  1610 | D:4      | Found a sacrificial altar of Ru.
  1686 | D:4      | Noticed a phantom
  1692 | D:4      | Killed a phantom
  1693 | D:4      | Reached XP level 6. HP: 39/39 MP: 6/6
  1881 | D:4      | Reached skill level 1 in Maces & Flails
  2028 | D:5      | Entered Level 5 of the Dungeon
  2035 | D:5      | Reached skill level 1 in Shields
  2072 | D:5      | Noticed an orc warrior
  2101 | D:5      | Found a staircase to the Ecumenical Temple.
  2112 | Temple   | Entered the Ecumenical Temple
  2119 | Temple   | Became a worshipper of Warmaster Okawaru
  2137 | D:5      | Reached XP level 7. HP: 45/45 MP: 7/7
  2229 | D:5      | Found a sand-covered staircase.
  2238 | Ossuary  | Entered an ossuary
  2276 | Ossuary  | Reached skill level 1 in Invocations
  2301 | Ossuary  | Reached * piety under Okawaru
  2370 | Ossuary  | Reached XP level 8. HP: 50/52 MP: 7/9
  2661 | D:5      | Reached ** piety under Okawaru
  2662 | D:5      | Reached skill level 5 in Shapeshifting
  3200 | D:6      | Reached *** piety under Okawaru
  3201 | D:6      | Reached XP level 9. HP: 54/57 MP: 11/11
  3465 | D:6      | Reached skill level 5 in Dodging
  3631 | D:7      | Noticed Jeremiah
  3637 | D:7      | Killed Jeremiah
  3638 | D:7      | Reached skill level 5 in Stealth
  3780 | D:7      | Found a flagged portal.
  3803 | Bailey   | Entered a bailey
  3835 | Bailey   | Found a large runed translucent door.
  3835 | Bailey   | Found a large runed translucent door.
  3836 | Bailey   | Noticed a deep elf pyromancer
  3847 | Bailey   | Noticed an orc knight
  3905 | Bailey   | Killed an orc knight
  3905 | Bailey   | Reached **** piety under Okawaru
  3913 | Bailey   | Reached XP level 10. HP: 36/65 MP: 8/13
  3995 | Bailey   | Killed a deep elf pyromancer
  4012 | Bailey   | Identified the +5 ring mail of the Moneychanger {Will+
                  | Str+2}
  4501 | D:7      | Noticed a deep elf pyromancer
  4513 | D:7      | Killed a deep elf pyromancer
  4514 | D:7      | Reached skill level 5 in Throwing
  4514 | D:7      | Reached skill level 1 in Evocations
  4854 | D:2      | Bought the +1 flail of Prescription {flame, rN+ Will+
                  | Int+3} for 412 gold pieces
  4971 | D:7      | Reached skill level 5 in Invocations
  5058 | D:8      | Reached skill level 5 in Fighting
  5061 | D:8      | Reached ***** piety under Okawaru
  5667 | D:9      | Found an ancient bone altar of Kikubaaqudgha.
  5710 | D:9      | Identified the +5 scale mail of Ruestycs {rF- Regen+ Str+2}
  5716 | D:9      | Noticed a two-headed ogre
  5724 | D:9      | Killed a two-headed ogre
  5826 | D:9      | Found a runed translucent door.
  5826 | D:9      | Noticed a green ugly thing
  5827 | D:9      | Noticed an ogre mage
  5831 | D:9      | Killed a green ugly thing
  5832 | D:9      | Reached skill level 5 in Shields
  5832 | D:9      | Reached XP level 11. HP: 72/72 MP: 15/15
  5842 | D:9      | Killed an ogre mage
  5850 | D:9      | Received a gift from Okawaru
  5857 | D:9      | Noticed a purple ugly thing
  5861 | D:9      | Killed a purple ugly thing
  5953 | D:9      | Noticed a deep elf knight
  5963 | D:9      | Killed a deep elf knight
  5964 | D:9      | Reached skill level 5 in Maces & Flails
  6012 | D:9      | Identified the +0 ring mail "Huforom" {rF+}
  6055 | D:9      | Noticed a death yak
  6063 | D:9      | Noticed a death yak
  6064 | D:9      | Noticed a death yak
  6068 | D:9      | Killed a death yak
  6070 | D:9      | Killed a death yak
  6071 | D:9      | Killed a death yak
  6080 | D:9      | Found a staircase to the Lair.
  6198 | D:9      | Found a staircase to the Orcish Mines.
  6235 | D:10     | Entered Level 10 of the Dungeon
  6325 | D:10     | Noticed Urug
  6335 | D:10     | Killed Urug
  6335 | D:10     | Received a gift from Okawaru
  6353 | D:10     | Gained mutation: Your mind is acute. (Int +4, Str/Dex -1)
                  | [potion of mutation]
  6353 | D:10     | Gained mutation: One of your tentacles bears a spike.
                  | [potion of mutation]
  6366 | D:10     | Found Kynau's Lightly-Used Armoury.
  6622 | D:10     | Noticed a green ugly thing
  6629 | D:10     | Killed a green ugly thing
  6734 | D:10     | Noticed Grum
  6757 | D:10     | Killed Grum
  6829 | D:10     | Noticed Fannar
  6834 | D:10     | Killed Fannar
  6835 | D:10     | Reached XP level 12. HP: 73/80 MP: 17/17
  6998 | D:11     | Noticed Maurice
  7146 | D:11     | Noticed Harold
  7151 | D:11     | Reached skill level 5 in Evocations
  7152 | D:11     | Killed Harold
  7152 | D:11     | Reached ****** piety under Okawaru
  7155 | D:11     | Acquired the +2 kite shield "Ashroimi" {Slay+3}
  7155 | D:11     | Received a gift from Okawaru
  7169 | D:11     | Acquired the +0 dagger of Dust {freeze, rElec rF- Int+2
                  | SInv}
  7169 | D:11     | Received a gift from Okawaru
  7201 | D:11     | Identified the +5 mace "Trog's Righteous Anger" {venom,
                  | ^Contam rC+ rCorr SInv}
  7289 | D:11     | Received a gift from Okawaru
  7415 | D:11     | Found a glowing golden altar of the Shining One.
  7749 | Lair:1   | Entered Level 1 of the Lair of Beasts
  7753 | Lair:1   | Identified the amulet of the City {Spirit rCorr Str+4 Int+2
                  | Slay-6}
  7764 | Lair:1   | Noticed a catoblepas
  7788 | Lair:1   | HP: 2/80 [catoblepas (16)]
  7789 | Lair:1   | Killed from afar by a catoblepas

Illustrated notes

Levels and vault maps discovered:
D:1:      lightli_arrival_noodles, layout_loops_ring, skrybe_limestone_x
D:2:      layout_rooms, serial_shops, shop
D:3:      layout_basic, xom_redecorated, serial_shops, nicolae_shop_stone
D:4:      layout_rooms, mainiacjoe_overflow_six_doors_small,
          minmay_misc_feat_five
D:5:      layout_loops_ring, temple_pool_b, mainiacjoe_ossuary_entry_dusty_tomb
D:6:      layout_loops_ring, dk_noncrumbling_3
D:7:      layout_loops_cross, enter_bailey_5, guppyfry_early_elven_hall,
          uniq_jeremiah
D:8:      layout_basic
D:9:      cheibrodos_helix_gallery, layout_basic, lemuel_crystal_altar,
          dpeg_lair_monsters, orc_0_dummy, minivault_13
D:10:     layout_irregular_city, minmay_shop_damaged, minmay_misc_feat_tiny,
          uniq_fannar, uniq_urug, uniq_grum
D:11:     layout_basic, tso_oasis_becter, uniq_maurice, uniq_harold
Temple:   hellmonk_temple_of_storms
Lair:1:   layout_gridlike, gauntlet_entry_generic, columned_hall_lemuel,
          beast_lair_carwin_11, grunt_megastairs_2

Skill      XL: |  1  2  3  4  5  6  7  8  9 10 11 12 |
---------------+-------------------------------------+-----
Short Blades   | 1 2 3 4 |  4.3
Throwing       | 1 2 3 4 5 6 |  6.5
Dodging        | 3 4 5 6 7 8 |  8.1
Stealth        | 1 2 3 4 6 7 8 |  8.9
Shapeshifting  | 4 5 6 |  6.5
Fighting       | 2 3 4 5 6 |  6.8
Maces & Flails | 1 2 3 4 5 6 |  6.2
Shields        | 1 2 3 4 5 6 7 |  7.2
Invocations    | 1 2 4 5 7 |  7.7
Evocations     | 3 4 5 |  5.8
Unarmed Combat | |  3.0

Action                     |  1- 3 |  4- 6 |  7- 9 | 10-12 || total
---------------------------+-------+-------+-------+-------++-------
  Melee: Unarmed           |     9 |       |       |       ||     9
         Tentacles         |     8 |    11 |    43 |    49 ||   111
         Constrict         |     7 |    14 |    43 |    35 ||    99
         Dagger            |    38 |    26 |    70 |    46 ||   180
         Punch             |     1 |     4 |     8 |    13 ||    26
         Mace              |       |    29 |       |       ||    29
         Whip              |       |     7 |   103 |    13 ||   123
         Flail             |       |       |       |    89 ||    89
         Rapier            |       |       |       |    30 ||    30
         Kick              |       |       |       |    30 ||    30
  Throw: Stone             |     1 |     6 |    18 |    15 ||    40
         Dart              |       |     9 |    22 |    23 ||    54
         Javelin           |       |       |       |    10 ||    10
 Invoke: Heroism           |       |       |     1 |     5 ||     6
         Receive Weapon    |       |       |       |     1 ||     1
         Receive Armour    |       |       |       |     1 ||     1
  Evoke: Lightning rod     |       |       |       |     9 ||     9
         Wand              |       |       |       |     2 ||     2
    Use: Potion            |     1 |       |       |     2 ||     3
         Scroll            |       |       |       |     9 ||     9
   Stab: Sleeping          |     3 |     8 |    19 |    10 ||    40
         Distracted        |       |       |       |     2 ||     2
 Armour: Skin              |    18 |    23 |    56 |    74 ||   171
  Dodge: Dodged            |    16 |    43 |   106 |    79 ||   244
  Block: Buckler           |       |     1 |    34 |    61 ||    96
         Reflection        |       |       |       |     3 ||     3
         Kite shield       |       |       |       |    36 ||    36
